[Event "December 5 Early 2023"]
[Site "https://www.chess.com"]
[Date "2023.12.05"]
[Round "3"]
[White "Jesusesmifuerza"]
[Black "Batbold, Nyamsuren"]
[Result "0-1"]
[Board "226"]
[TimeControl "180+1"]
[BlackFideId "4903331"]
[WhiteElo "2127"]
[BlackElo "2368"]
[BlackTeam "MGL"]
[WhiteClock "0:00:18"]
[BlackClock "0:00:55"]

1. d4 Nf6 2. Nf3 c5 3. e3 cxd4 4. exd4 d5 5. c3 Nc6 6. Bd3 Bg4 7. O-O e6 8. Nbd2 Be7 9. Re1 O-O 10. h3 Bh5 11. Nf1 a6 12. Ng3 Bg6 13. Bxg6 hxg6 14. Bf4 b5 15. a3 a5 16. Qe2 b4 17. axb4 axb4 18. Ne5 Nxe5 19. Bxe5 bxc3 20. bxc3 Qd7 21. Qd3 Rxa1 22. Rxa1 Rc8 23. Nf1 Ne4 24. Rc1 Qa4 25. Nd2 Rxc3 26. Rxc3 Qa1+ 27. Nb1 Nxc3 28. Qxc3 Qxb1+ 29. Kh2 Bf6 30. Qc8+ Kh7 31. Qe8 Bxe5+ 32. dxe5 Qf5 33. Qe7 g5 34. f3 Qxe5+ 35. Kg1 Qf6 36. Qc5 Qa1+ 37. Kh2 Qe5+ 38. Kg1 Kg6 39. Qc2+ Qf5 40. Qd2 Qf4 41. Qd3+ Kf6 42. Kf2 Qc4 43. Qe3 d4 44. Qe4 Qc3 45. f4 Qd2+ 46. Kg3 Qxf4+ 47. Qxf4+ gxf4+ 48. Kxf4 e5+ 49. Ke4 Ke6 50. g4 f5+ 51. gxf5+ Kf6 52. h4 d3 53. Kxd3 Kxf5 54. Ke3 Kg4 55. Ke4 Kxh4 56. Kxe5 g5 57. Ke4 g4 58. Ke3 Kg3 59. Ke2 Kh2 60. Kf1 g3 61. Ke2 g2 0-1

[Event "December 5 Early 2023"]
[Site "https://www.chess.com"]
[Date "2023.12.05"]
[Round "3"]
[White "Johnson, Ben"]
[Black "Tymrakiewicz, Rafal"]
[Result "0-1"]
[Board "227"]
[TimeControl "180+1"]
[WhiteFideId "2010917"]
[BlackFideId "1108832"]
[WhiteElo "2125"]
[BlackElo "2368"]
[WhiteTeam "USA"]
[BlackTeam "POL"]
[WhiteClock "0:00:54"]
[BlackClock "0:00:14"]

1. Nf3 d5 2. e3 c6 3. c4 Nf6 4. Nc3 e6 5. b3 g6 6. Bb2 Bg7 7. Be2 O-O 8. O-O Nbd7 9. d4 Ne4 10. Nxe4 dxe4 11. Nd2 f5 12. Qc2 Qg5 13. Rfe1 Nf6 14. Nf1 h5 15. f3 h4 16. fxe4 Nxe4 17. Bf3 e5 18. h3 Be6 19. Rad1 Rad8 20. dxe5 Ng3 21. Nxg3 Qxg3 22. Rd6 Rxd6 23. exd6 Qxd6 24. Bxg7 Kxg7 25. Qc3+ Kh7 26. Rd1 Qc7 27. c5 Qg7 28. Qb4 Rf7 29. Qxh4+ Qh6 30. Rc1 Qxh4 31. Rd1 Qf6 0-1

[Event "December 5 Early 2023"]
[Site "https://www.chess.com"]
[Date "2023.12.05"]
[Round "3"]
[White "Kleibel, Uwe"]
[Black "Biriukov, Ilja"]
[Result "1-0"]
[Board "228"]
[TimeControl "180+1"]
[WhiteFideId "1270982"]
[BlackFideId "4113373"]
[WhiteElo "2368"]
[BlackElo "2116"]
[WhiteTeam "GER"]
[BlackTeam "RUS"]
[WhiteClock "0:00:15"]
[BlackClock "0:00:03"]

1. e4 e6 2. d4 d5 3. e5 c5 4. c3 Nc6 5. Nf3 Nh6 6. Bd3 Qb6 7. dxc5 Bxc5 8. b4 Be7 9. O-O Ng4 10. Qe2 h5 11. h3 Nh6 12. Re1 Bd7 13. a4 g6 14. a5 Qd8 15. b5 Nb8 16. c4 dxc4 17. Bxc4 Nf5 18. Nc3 a6 19. b6 Nc6 20. Ne4 Rc8 21. Ba3 O-O 22. Nf6+ Bxf6 23. Bxf8 Bg7 24. Bxg7 Kxg7 25. Red1 Qe8 26. g4 hxg4 27. hxg4 Nh6 28. Qe4 Nb4 29. Qf4 Bc6 30. Qf6+ Kg8 31. Be2 Nd5 32. Qg5 Kg7 33. Rac1 Qe7 34. Qxe7 Nxe7 35. Nd4 Bd5 36. Rxc8 Nxc8 37. Rc1 Ne7 38. Rc7 Kf8 39. f3 Ke8 40. Kf2 Kd8 41. Kg3 Nhg8 42. Kh4 f6 43. f4 g5+ 44. fxg5 fxe5 45. Nxe6+ Bxe6 46. Rxb7 Ng6+ 47. Kg3 Nf4 48. Bxa6 Bd5 49. Rg7 Ne7 50. b7 Bxb7 51. Bxb7 Ned5 52. a6 Ne2+ 53. Kf2 Nd4 54. a7 1-0

[Event "December 5 Early 2023"]
[Site "https://www.chess.com"]
[Date "2023.12.05"]
[Round "3"]
[White "Melikhov, Evgeny V."]
[Black "Hartikainen, Jarmo"]
[Result "1-0"]
[Board "229"]
[TimeControl "180+1"]
[WhiteFideId "4122046"]
[BlackFideId "503134"]
[WhiteElo "2363"]
[BlackElo "2114"]
[WhiteTeam "GRE"]
[BlackTeam "FIN"]
[WhiteClock "0:00:54"]
[BlackClock "0:00:04"]

1. d4 d5 2. c4 c5 3. cxd5 Qxd5 4. Nf3 cxd4 5. Nc3 Qd8 6. Nxd4 a6 7. g3 e5 8. Nb3 Qxd1+ 9. Nxd1 Nf6 10. Bg2 Nc6 11. O-O Be7 12. Be3 O-O 13. Bc5 Bxc5 14. Nxc5 Nd7 15. Ne4 Nd4 16. Ndc3 Rb8 17. Nd6 Nf6 18. Nxc8 Rfxc8 19. e3 Nc6 20. Rfd1 Rd8 21. Bxc6 bxc6 22. b3 Kf8 23. Na4 Ke7 24. f3 Nd5 25. Kf2 Nb4 26. Nc5 a5 27. a4 Rxd1 28. Rxd1 f5 29. e4 fxe4 30. fxe4 Nc2 31. Rd7+ Kf8 32. Ra7 Nd4 33. Nd7+ 1-0

[Event "December 5 Early 2023"]
[Site "https://www.chess.com"]
[Date "2023.12.05"]
[Round "3"]
[White "Mangialardo, Tiago Carvalho"]
[Black "Kolmagorov, Alexey"]
[Result "0-1"]
[Board "230"]
[TimeControl "180+1"]
[WhiteFideId "2130718"]
[BlackFideId "34129402"]
[WhiteElo "2097"]
[BlackElo "2357"]
[WhiteTeam "BRA"]
[BlackTeam "RUS"]
[WhiteClock "0:00:00"]
[BlackClock "0:00:45"]

1. e4 c5 2. Nf3 Nc6 3. Bb5 g6 4. Bxc6 dxc6 5. h3 Bg7 6. O-O h6 7. e5 Qc7 8. Qe2 g5 9. d3 g4 10. hxg4 Bxg4 11. Nbd2 O-O-O 12. Qe4 h5 13. Ng5 Nh6 14. Nc4 Bf5 15. Qe2 Bg4 16. f3 Bf5 17. Bf4 Rdg8 18. Qe3 e6 19. Qxc5 Bf8 20. Qxa7 Bb4 21. Nd6+ Kd7 22. Qxb7 Bxd6 23. Qxc7+ Bxc7 24. a4 Ra8 25. b4 Rhb8 26. Rfb1 f6 27. d4 fxg5 0-1

[Event "December 5 Early 2023"]
[Site "https://www.chess.com"]
[Date "2023.12.05"]
[Round "3"]
[White "Buscar, Michael"]
[Black "Mende, Andreas"]
[Result "1-0"]
[Board "231"]
[TimeControl "180+1"]
[WhiteFideId "2603616"]
[BlackFideId "4631102"]
[WhiteElo "2347"]
[BlackElo "2095"]
[WhiteTeam "CAN"]
[BlackTeam "GER"]
[WhiteClock "0:00:12"]
[BlackClock "0:00:07"]

1. Nf3 Nf6 2. g3 g6 3. Bg2 Bg7 4. O-O d5 5. c4 O-O 6. cxd5 Nxd5 7. Nc3 Nc6 8. Qb3 Nb6 9. d3 e5 10. Bg5 Qd7 11. Ne4 Nd5 12. Nfd2 h6 13. Nc5 Qe8 14. Nde4 hxg5 15. Qxd5 Nd4 16. e3 c6 17. Qd6 Nf5 18. Nf6+ Bxf6 19. Qxf6 Qe7 20. Qxe7 Nxe7 21. Ne4 f6 22. Rfd1 Nd5 23. Nd6 Bg4 24. Rd2 Rab8 25. Rc1 Rfd8 26. Ne4 Kf7 27. d4 Bf5 28. dxe5 fxe5 29. Nxg5+ Kf6 30. Ne4+ Kg7 31. Nc5 Nb4 32. Rxd8 Rxd8 33. a3 Nd3 34. Rd1 e4 35. Bxe4 Bxe4 36. Nxe4 Rd5 37. Nc3 Rd7 38. Rd2 Nc5 39. Rxd7+ Nxd7 40. Kf1 Nc5 41. Ke2 Kf6 42. e4 Ke5 43. Ke3 Nb3 44. f4+ Ke6 45. h4 b5 46. g4 a5 47. h5 gxh5 48. gxh5 Kf6 49. Ne2 b4 50. axb4 axb4 51. Nd4 c5 52. Nxb3 c4 53. Nd2 c3 54. bxc3 bxc3 55. Nb3 c2 56. Kd3 Kg7 57. Nc1 Kh6 58. Kxc2 Kxh5 59. Kd3 Kg4 60. Ne2 Kh5 61. Kd4 Kg6 62. Ke5 Kf7 63. f5 Ke7 64. f6+ Kf7 65. Kf5 Kf8 66. e5 Kf7 67. e6+ Ke8 68. Nf4 Kd8 69. Nd5 Kc8 70. f7 Kb7 71. f8=Q Ka6 72. Qb4 Ka7 73. Qb6+ 1-0

[Event "December 5 Early 2023"]
[Site "https://www.chess.com"]
[Date "2023.12.05"]
[Round "3"]
[White "Vigoa Apecheche, Yanira"]
[Black "Feliz Dotel, Dewar Bienvenido"]
[Result "1/2-1/2"]
[Board "232"]
[TimeControl "180+1"]
[WhiteFideId "3507041"]
[BlackFideId "6402801"]
[WhiteElo "2345"]
[BlackElo "2085"]
[WhiteTeam "USA"]
[BlackTeam "DOM"]
[WhiteClock "0:00:49"]
[BlackClock "0:00:06"]

1. d4 d5 2. Nf3 e6 3. Bf4 Bd6 4. Bg3 c5 5. e3 Nf6 6. Nbd2 O-O 7. c3 b6 8. Ne5 Qc7 9. f4 Ba6 10. Qf3 Bxf1 11. Rxf1 Nc6 12. Bh4 Ne8 13. Kf2 f6 14. Nxc6 Qxc6 15. Kg1 f5 16. Rac1 Nf6 17. Bxf6 Rxf6 18. c4 cxd4 19. exd4 Qa4 20. cxd5 Qxd4+ 21. Kh1 Qxd5 22. Qxd5 exd5 23. Nb3 Re6 24. Rc6 Rae8 25. g3 Bc5 26. Rxe6 Rxe6 27. Rd1 Re2 28. Rxd5 Rxb2 29. Rxf5 Rxa2 30. Nxc5 bxc5 31. Rxc5 h6 32. Rc7 a5 33. h3 a4 34. Ra7 a3 35. g4 Ra1+ 36. Kg2 Kf8 37. h4 a2 38. f5 Kg8 39. g5 hxg5 40. hxg5 Kf8 41. g6 Rc1 42. Rxa2 Rc5 43. Rf2 Ke7 44. Kg3 Kf6 45. Kg4 Rc4+ 46. Kg3 Ra4 47. Rf3 Rb4 48. Kh3 Rc4 49. Kg2 Rb4 50. Kg3 Rc4 51. Kf2 Rc5 52. Ke3 Rxf5 53. Rg3 Rg5 54. Rf3+ Kxg6 55. Ke4 Rg1 56. Kf4 Ra1 57. Kg3 Kg5 58. Rb3 Ra5 59. Kh3 g6 60. Kg3 Re5 61. Rb4 Rf5 62. Rg4+ Kf6 63. Ra4 Re5 64. Ra6+ Kf5 65. Ra4 Re3+ 66. Kf2 Rb3 67. Rc4 g5 68. Ra4 Rc3 69. Rb4 Rc2+ 70. Kf3 Rc3+ 71. Kf2 Rc2+ 72. Kg3 Rc3+ 73. Kf2 1/2-1/2

[Event "December 5 Early 2023"]
[Site "https://www.chess.com"]
[Date "2023.12.05"]
[Round "3"]
[White "Besso, Guadalupe"]
[Black "Eggleston, Thomas A"]
[Result "1/2-1/2"]
[Board "233"]
[TimeControl "180+1"]
[WhiteFideId "123161"]
[BlackFideId "412139"]
[WhiteElo "2076"]
[BlackElo "2337"]
[WhiteTeam "ARG"]
[BlackTeam "ENG"]
[WhiteClock "0:00:08"]
[BlackClock "0:00:03"]

1. d4 e6 2. c4 f5 3. Nf3 Nf6 4. g3 Bb4+ 5. Nbd2 a5 6. Bg2 b6 7. O-O Bb7 8. Qc2 O-O 9. b3 a4 10. Bb2 a3 11. Bc3 Na6 12. Rad1 d6 13. d5 e5 14. Ng5 Qd7 15. Ne6 Rfe8 16. Bh3 g6 17. e4 Bxc3 18. Qxc3 Nc5 19. exf5 gxf5 20. Bxf5 Nxe6 21. Bxe6+ Rxe6 22. dxe6 Qxe6 23. f3 Rf8 24. Qe3 Rf7 25. Ne4 Nh5 26. Qg5+ Ng7 27. h4 h6 28. Qd2 Nf5 29. Qf2 Nd4 30. Qe3 Qh3 31. Rxd4 Bxe4 32. Rxe4 Qxg3+ 33. Kh1 Qh3+ 34. Kg1 Qg3+ 35. Kh1 Qh3+ 36. Kg1 Qg3+ 1/2-1/2

[Event "December 5 Early 2023"]
[Site "https://www.chess.com"]
[Date "2023.12.05"]
[Round "3"]
[White "BestestBP"]
[Black "Mohammed, Zozek Salah Mohammed"]
[Result "0-1"]
[Board "234"]
[TimeControl "180+1"]
[BlackFideId "4803361"]
[WhiteElo "2058"]
[BlackElo "2336"]
[BlackTeam "IRQ"]
[WhiteClock "0:00:02"]
[BlackClock "0:00:44"]

1. d4 Nf6 2. c4 g6 3. Nf3 d5 4. g3 Bg7 5. Bg2 O-O 6. O-O Ne4 7. cxd5 Na6 8. Nc3 Nxc3 9. bxc3 Qxd5 10. Ba3 c5 11. Ne5 Qe6 12. Qb3 Bxe5 13. Qxe6 Bxe6 14. dxe5 Rab8 15. Rab1 b6 16. Rb2 Nc7 17. Rfb1 Rbd8 18. e4 Rd3 19. Rc2 Rfd8 20. Bf1 Rd1 21. Rxd1 Rxd1 22. Kg2 Re1 23. f3 Bh3+ 24. Kxh3 Rxf1 25. Rd2 Ne6 26. f4 Ra1 27. f5 Ng5+ 28. Kg4 Nxe4 29. Rd8+ Kg7 30. fxg6 hxg6 31. Kf4 Rxa2 32. Kxe4 Rxa3 33. Rd7 e6 34. c4 Rc3 35. Rxa7 Rxc4+ 36. Kd3 Rd4+ 37. Kc3 Rd5 38. Rb7 Rxe5 39. Rxb6 Re2 40. Rb5 Rxh2 41. Rxc5 Rg2 42. Rg5 f6 43. Rg4 f5 44. Rb4 Rxg3+ 45. Kd2 g5 46. Ke2 Kf6 47. Kf2 Ra3 48. Rb8 Ra2+ 49. Kg3 Ra3+ 50. Kf2 g4 51. Rf8+ Kg5 52. Re8 Kf4 53. Rxe6 Ra2+ 54. Kf1 g3 55. Rb6 Kf3 56. Rb3+ Kg4 57. Rb8 f4 58. Rb3 f3 59. Rb4+ Kh3 60. Ke1 f2+ 61. Kf1 g2# 0-1

[Event "December 5 Early 2023"]
[Site "https://www.chess.com"]
[Date "2023.12.05"]
[Round "3"]
[White "Smirnov, Timofey"]
[Black "Georg, Heinz"]
[Result "0-1"]
[Board "235"]
[TimeControl "180+1"]
[WhiteFideId "24176427"]
[BlackFideId "4607295"]
[WhiteElo "2046"]
[BlackElo "2334"]
[WhiteTeam "RUS"]
[BlackTeam "GER"]
[WhiteClock "0:00:00"]
[BlackClock "0:00:33"]

1. d4 f5 2. h3 d5 3. Nf3 Nf6 4. e3 e6 5. Nbd2 Be7 6. c4 c6 7. Ne5 O-O 8. g4 Nbd7 9. Ndf3 Ne4 10. gxf5 exf5 11. cxd5 cxd5 12. Qb3 Nxe5 13. Nxe5 Qa5+ 14. Ke2 Bh4 15. Nd3 Bd7 16. Rg1 Qb5 17. Qxb5 Bxb5 18. f3 Ng3+ 19. Kd2 Nxf1+ 20. Rxf1 Rac8 21. b3 f4 22. exf4 Bf6 23. Ba3 Rfe8 24. Rac1 Bxd4 25. Rfe1 Bb6 26. Ne5 Rxc1 27. Rxc1 Bd4 28. Bd6 Rd8 29. Bc7 Rc8 30. a4 Be8 31. Kd3 Bb6 32. Bxb6 Rxc1 33. Kd2 Rb1 34. Bd4 Rxb3 35. Kc2 Bxa4 0-1

[Event "December 5 Early 2023"]
[Site "https://www.chess.com"]
[Date "2023.12.05"]
[Round "3"]
[White "Nikulina, Alena"]
[Black "Napoli, Nicolo"]
[Result "0-1"]
[Board "236"]
[TimeControl "180+1"]
[WhiteFideId "4172051"]
[BlackFideId "813702"]
[WhiteElo "2027"]
[BlackElo "2334"]
[WhiteTeam "RUS"]
[BlackTeam "ITA"]
[WhiteClock "0:00:04"]
[BlackClock "0:00:09"]

1. e4 c6 2. Nc3 d5 3. Qe2 d4 4. Nd1 Nf6 5. g3 e5 6. Bg2 Bg4 7. Nf3 Nbd7 8. h3 Bh5 9. d3 Qc7 10. g4 Bg6 11. Nh4 Nc5 12. O-O Bd6 13. Nf5 Bxf5 14. gxf5 O-O-O 15. b4 Ncd7 16. Bd2 g6 17. fxg6 hxg6 18. a4 Nh5 19. Nb2 f5 20. Nc4 Nb6 21. Nxd6+ Qxd6 22. a5 Nd7 23. exf5 gxf5 24. b5 Rdg8 25. bxc6 Qxc6 26. f4 Nxf4 27. Bxf4 exf4 28. Kh2 Qg6 29. Rab1 Qg3+ 30. Kg1 Rxh3 31. Qf3 Qxf3 32. Rxf3 Rxf3 33. Kh2 Rf2 34. Rg1 f3 0-1

[Event "December 5 Early 2023"]
[Site "https://www.chess.com"]
[Date "2023.12.05"]
[Round "3"]
[White "titledsquirrel2007"]
[Black "Reinecke, Katharina"]
[Result "0-1"]
[Board "237"]
[TimeControl "180+1"]
[BlackFideId "12929727"]
[WhiteElo "2329"]
[BlackElo "2011"]
[BlackTeam "GER"]
[WhiteClock "0:00:14"]
[BlackClock "0:00:07"]

1. f4 Nh6 2. Nf3 g6 3. d4 Bg7 4. e4 O-O 5. c4 d6 6. Nc3 c5 7. d5 e6 8. Be2 f5 9. O-O Bxc3 10. bxc3 fxe4 11. Ng5 exd5 12. cxd5 Qe7 13. c4 Nd7 14. Bb2 Nf6 15. Qc2 Nf5 16. Rfe1 Bd7 17. Bf1 Rae8 18. Rad1 e3 19. Be2 h6 20. Nf3 Ne4 21. Bd3 Nf2 22. Qc3 Qg7 23. Qb3 Nd4 24. Nxd4 cxd4 25. g3 Nxd1 26. Qxd1 Bh3 27. Be2 h5 28. Bxd4 Qf7 29. Qb3 Re7 30. Qd3 Qf5 31. Qc3 Qe4 32. Bf1 Bxf1 33. Rxf1 e2 34. Re1 Rfe8 35. Bf2 Qf5 36. Bxa7 Qg4 37. Bf2 Qh3 38. Qf3 Qg4 39. Qd3 Qf5 40. Qd4 Qc2 41. Kg2 Qxa2 42. Qf6 Rf7 43. Bd4 Rxf6 0-1

[Event "December 5 Early 2023"]
[Site "https://www.chess.com"]
[Date "2023.12.05"]
[Round "3"]
[White "Gulamirian, Korun"]
[Black "Gerbelli Neto, Eduardo"]
[Result "0-1"]
[Board "238"]
[TimeControl "180+1"]
[WhiteFideId "4144899"]
[BlackFideId "2103281"]
[WhiteElo "2007"]
[BlackElo "2326"]
[WhiteTeam "RUS"]
[BlackTeam "BRA"]
[WhiteClock "0:00:49"]
[BlackClock "0:02:01"]

1. e4 e5 2. f4 Nc6 3. Nf3 f5 4. Nc3 fxe4 5. Nxe4 d5 6. Neg5 e4 7. Nh4 Nf6 8. Be2 Bc5 9. Bh5+ g6 10. Nxg6 hxg6 11. Bxg6+ Ke7 12. a3 Bg4 13. Nf7 Qg8 14. Nxh8 Bxd1 15. Kxd1 Qxh8 16. b4 Bb6 17. Bb2 Rg8 18. f5 Nd4 19. c3 Rxg6 20. fxg6 Qh5+ 21. Kc1 Nb3+ 22. Kc2 Nxa1+ 23. Bxa1 Qxg6 24. Rf1 e3+ 25. d3 Qxg2+ 0-1

[Event "December 5 Early 2023"]
[Site "https://www.chess.com"]
[Date "2023.12.05"]
[Round "3"]
[White "IranianCheetah"]
[Black "Saim, Mohamed Ilias"]
[Result "1-0"]
[Board "239"]
[TimeControl "180+1"]
[BlackFideId "7900465"]
[WhiteElo "2325"]
[BlackElo "2001"]
[BlackTeam "ALG"]
[WhiteClock "0:00:46"]
[BlackClock "0:00:00"]

1. e4 c6 2. d4 d5 3. Nc3 a6 4. Nf3 Bg4 5. h3 Bh5 6. Be2 e6 7. O-O Nf6 8. exd5 cxd5 9. Ne5 Bxe2 10. Nxe2 Nc6 11. Bg5 Bd6 12. Nxc6 bxc6 13. c4 O-O 14. c5 Be7 15. Bf4 Ne4 16. f3 Nf6 17. b4 Ra7 18. a4 Qa8 19. Qd3 Bd8 20. Bd6 Re8 21. g4 Qb7 22. b5 axb5 23. axb5 Rxa1 24. Rxa1 Bc7 25. Bxc7 Qxc7 26. b6 Qb8 27. f4 Ne4 28. Ra7 Kf8 29. Kg2 h5 30. gxh5 Nf6 31. Kf3 Kg8 32. h6 gxh6 33. Qb1 Nh5 34. Qg1+ 1-0

[Event "December 5 Early 2023"]
[Site "https://www.chess.com"]
[Date "2023.12.05"]
[Round "3"]
[White "De Arruda, Leandro Formes"]
[Black "Tilahun , Abel Mathewos"]
[Result "1-0"]
[Board "240"]
[TimeControl "180+1"]
[WhiteFideId "22722009"]
[BlackFideId "15702391"]
[WhiteElo "2323"]
[BlackElo "1997"]
[WhiteTeam "BRA"]
[BlackTeam "ETH"]
[WhiteClock "0:00:05"]
[BlackClock "0:00:00"]

1. d4 d5 2. Nf3 Nf6 3. e3 e6 4. Bd3 Be7 5. Nbd2 O-O 6. O-O b6 7. Ne5 Bb7 8. f4 Ne4 9. Qf3 f5 10. Qh3 Nd7 11. Ndf3 Qe8 12. g4 Nxe5 13. Nxe5 Bd6 14. Bxe4 dxe4 15. g5 Ba6 16. Rd1 Bxe5 17. fxe5 Be2 18. Re1 Bf3 19. Bd2 Qc6 20. c3 Qb5 21. Bc1 Rad8 22. Qf1 Qe8 23. Qh3 Qb5 24. Qg3 c5 25. h4 Bh5 26. Kh2 Qd3 27. Qg2 Bf3 28. Qd2 Qb5 29. b3 Qe8 30. Bb2 cxd4 31. cxd4 Qh5 32. Qf2 Rc8 33. Rac1 Rfd8 34. Qg3 Qf7 35. a3 Qb7 36. Qf2 Qd5 37. b4 Qa2 38. Qd2 Qb3 39. Rf1 Qd5 40. Rc3 Qa2 41. Rfc1 Rxc3 42. Qxc3 Qd5 43. Qc4 Qb7 44. Qxe6+ Kh8 45. d5 Qb8 46. d6 Re8 47. Qf7 Rf8 48. Qe7 Re8 49. Qc7 Qa8 50. d7 Rd8 51. e6 h6 52. e7 Qd5 53. exd8=Q+ Kh7 54. g6+ Kxg6 55. Qe8+ Kh7 56. Rc2 Qd1 57. Qg6+ Kxg6 58. Rg2+ Bxg2 59. Kxg2 Qf3+ 60. Kg1 Qg3+ 61. Kf1 Qf3+ 62. Ke1 Qxe3+ 63. Kd1 Qd3+ 64. Kc1 Qe3+ 65. Kc2 Qe2+ 66. Kb3 Qd3+ 67. Qc3 Qxd7 68. Qc4 Kh5 69. Qe2+ Kg6 70. h5+ 1-0

[Event "December 5 Early 2023"]
[Site "https://www.chess.com"]
[Date "2023.12.05"]
[Round "3"]
[White "Phillips, Rene"]
[Black "Zivic, Dragan"]
[Result "0-1"]
[Board "241"]
[TimeControl "180+1"]
[WhiteFideId "2056275"]
[BlackFideId "904740"]
[WhiteElo "1904"]
[BlackElo "2320"]
[WhiteTeam "USA"]
[BlackTeam "SRB"]
[WhiteClock "0:00:00"]
[BlackClock "0:01:17"]

1. Nf3 Nf6 2. d4 e6 3. Bf4 c5 4. e3 cxd4 5. exd4 b6 6. c3 Bb7 7. Nbd2 Be7 8. Bd3 O-O 9. Qe2 d6 10. h3 Nbd7 11. O-O a6 12. Rfe1 Re8 13. Ng5 Nf8 14. Nde4 Nd5 15. Bd2 f5 16. Qh5 fxe4 17. Qf7+ Kh8 18. Bxe4 Bxg5 19. Bxg5 Qxg5 20. Qxb7 Nf4 21. Kh1 d5 22. Bf3 Qf6 23. Re3 N8g6 24. Qxb6 Rab8 25. Qc6 Nh4 26. Rae1 h6 0-1

[Event "December 5 Early 2023"]
[Site "https://www.chess.com"]
[Date "2023.12.05"]
[Round "3"]
[White "Skiadopoulos, Nikolaos"]
[Black "Franchini, Gabriele"]
[Result "0-1"]
[Board "242"]
[TimeControl "180+1"]
[WhiteFideId "4200772"]
[BlackFideId "806790"]
[WhiteElo "1770"]
[BlackElo "2318"]
[WhiteTeam "GRE"]
[BlackTeam "ITA"]
[WhiteClock "0:01:23"]
[BlackClock "0:00:55"]

1. e4 e6 2. d4 d5 3. e5 c5 4. c3 Nc6 5. Nf3 Bd7 6. dxc5 Bxc5 7. b4 Bb6 8. b5 Na5 9. Bd3 Rc8 10. O-O Ne7 11. a4 Ng6 12. Ra2 Qc7 13. Re1 h6 14. Bxg6 fxg6 15. Qd3 Kf7 16. Nh4 Qc4 17. Qxg6+ Kg8 18. Rae2 Qxh4 19. Be3 Bxe3 20. Rxe3 Qg5 21. Qd3 Nc4 22. Rg3 Qf5 23. Qxf5 exf5 24. e6 Re8 25. Rd3 Rxe6 0-1

[Event "December 5 Early 2023"]
[Site "https://www.chess.com"]
[Date "2023.12.05"]
[Round "4"]
[White "Zhigalko, Sergei"]
[Black "Nakamura, Hikaru"]
[Result "0-1"]
[Board "1"]
[TimeControl "180+1"]
[WhiteFideId "13502956"]
[BlackFideId "2016192"]
[WhiteElo "2911"]
[BlackElo "3257"]
[WhiteTeam "BLR"]
[BlackTeam "USA"]
[WhiteClock "0:00:00"]
[BlackClock "0:00:17"]

1. e4 e6 2. d4 d5 3. e5 b6 4. c3 Qd7 5. Nf3 Ba6 6. Bxa6 Nxa6 7. Qe2 Nb8 8. O-O c5 9. Rd1 cxd4 10. Nxd4 Nc6 11. c4 Nxd4 12. Rxd4 Bc5 13. Rd1 Ne7 14. Nc3 Bb4 15. cxd5 exd5 16. Nb5 a6 17. Nd4 O-O 18. a3 Bc5 19. Nf3 a5 20. Be3 h6 21. Rac1 Rfc8 22. Qd3 Qe6 23. h3 a4 24. Rc2 Rc6 25. Rdc1 Rac8 26. Bxc5 bxc5 27. Qb5 Rb6 28. Qxa4 c4 29. b3 cxb3 30. Rxc8+ Nxc8 31. Qa8 b2 32. Rxc8+ Kh7 33. Rh8+ Kg6 34. Rxh6+ Kxh6 35. Qh8+ Kg6 36. Nh4+ Kg5 37. Qxg7+ Qg6 38. Nxg6 b1=Q+ 39. Kh2 Qxg6 40. Qh8 Kf5 0-1

[Event "December 5 Early 2023"]
[Site "https://www.chess.com"]
[Date "2023.12.05"]
[Round "4"]
[White "Naroditsky, Daniel"]
[Black "Baskakov, Egor"]
[Result "1-0"]
[Board "2"]
[TimeControl "180+1"]
[WhiteFideId "2026961"]
[BlackFideId "24197866"]
[WhiteElo "3173"]
[BlackElo "2905"]
[WhiteTeam "USA"]
[BlackTeam "RUS"]
[WhiteClock "0:00:03"]
[BlackClock "0:00:04"]

1. d4 Nf6 2. Nc3 d5 3. Bf4 Bf5 4. e3 e6 5. Nf3 Bd6 6. Bxd6 cxd6 7. Bd3 Ne4 8. Ne2 Nc6 9. O-O O-O 10. c3 h6 11. h3 Rc8 12. Ng3 Nxg3 13. fxg3 Be4 14. Qe2 f5 15. Rac1 a6 16. Kh2 b5 17. Nd2 Qg5 18. a4 bxa4 19. Nxe4 dxe4 20. Bxa6 Rc7 21. Bb5 Ne7 22. Bxa4 Nd5 23. Rfe1 Rb8 24. c4 Nb4 25. Bc2 Ra7 26. Bb1 g6 27. c5 d5 28. Rc3 Rab7 29. c6 Rc7 30. Rec1 Qe7 31. Qd1 Qd6 32. Qa4 Rbc8 33. Rc5 Nxc6 34. Qa6 Kf8 35. b4 Ke7 36. b5 Nd8 37. Qa3 Kf6 38. Qc3 Rxc5 39. dxc5+ Qe5 40. Qb4 g5 41. c6 f4 42. Qf8+ Nf7 43. Qxc8 fxe3 44. Rf1+ Kg6 45. Qg8+ 1-0

[Event "December 5 Early 2023"]
[Site "https://www.chess.com"]
[Date "2023.12.05"]
[Round "4"]
[White "Harutjunyan, Gevorg"]
[Black "Firouzja, Alireza"]
[Result "0-1"]
[Board "3"]
[TimeControl "180+1"]
[WhiteFideId "13300873"]
[BlackFideId "12573981"]
[WhiteElo "2890"]
[BlackElo "3171"]
[WhiteTeam "ARM"]
[BlackTeam "FRA"]
[WhiteClock "0:00:00"]
[BlackClock "0:00:09"]

1. e4 e6 2. d4 d5 3. Nc3 Nf6 4. Bg5 dxe4 5. Nxe4 Be7 6. Bxf6 gxf6 7. Nf3 a6 8. Qe2 f5 9. Nc3 c5 10. d5 Bf6 11. O-O-O Qb6 12. Ne5 O-O 13. h4 Nd7 14. Nc4 Qd8 15. dxe6 fxe6 16. Qxe6+ Kh8 17. Nd6 Bd4 18. Nxc8 Rxc8 19. Rh3 Ne5 20. Qd5 Ng4 21. Qxd8 Rcxd8 22. Rf3 Nxf2 23. Re1 f4 24. Bd3 Be3+ 25. Kb1 Rg8 26. g3 Bd2 27. Rg1 fxg3 28. Rfxg3 Rxg3 29. Rxg3 b5 30. a3 c4 31. Bf5 Rf8 32. Rf3 Bxc3 33. bxc3 Nd1 34. Kc1 Nxc3 35. Rxc3 Rxf5 36. a4 Rf4 37. axb5 axb5 38. Rh3 Kg7 39. Kd2 b4 40. Ke3 Rg4 41. Kf3 h5 42. Rh1 Kf6 43. Rb1 c3 44. Ke3 Rxh4 45. Rf1+ Kg5 46. Rf8 Rg4 47. Rg8+ Kh4 48. Rh8 Rg2 49. Kf3 Rxc2 50. Rb8 Rb2 51. Rc8 Kh3 52. Rc5 h4 53. Rc4 c2 54. Ke3 Rb3+ 55. Kd2 Rc3 0-1

[Event "December 5 Early 2023"]
[Site "https://www.chess.com"]
[Date "2023.12.05"]
[Round "4"]
[White "Bortnyk, Olexandr"]
[Black "Neiksans, Arturs"]
[Result "0-1"]
[Board "4"]
[TimeControl "180+1"]
[WhiteFideId "14120828"]
[BlackFideId "11601388"]
[WhiteElo "3081"]
[BlackElo "2888"]
[WhiteTeam "UKR"]
[BlackTeam "LAT"]
[WhiteClock "0:00:00"]
[BlackClock "0:00:12"]

1. d4 f5 2. g3 Nf6 3. Nf3 g6 4. c3 Bg7 5. Qb3 Nc6 6. d5 Na5 7. Qa4 b6 8. b4 Nc4 9. Qb3 b5 10. a4 Bb7 11. axb5 Bxd5 12. Qc2 Qb8 13. Bg2 Qxb5 14. O-O O-O 15. Rd1 c6 16. Bg5 a5 17. Nd4 Qb6 18. bxa5 Rxa5 19. Rxa5 Qxa5 20. Bxf6 Bxf6 21. Bxd5+ cxd5 22. Nd2 Rc8 23. N2b3 Qb6 24. e3 e6 25. Ra1 Nd6 26. Qd3 Ne4 27. Qa6 Qxa6 28. Rxa6 Rxc3 29. Rb6 e5 30. Nf3 Rc2 31. Ne1 Rb2 32. Nd3 Rb1+ 33. Kg2 d6 34. Ndc1 Kf7 35. Rb7+ Be7 36. Rc7 Rb2 37. Na5 Rxf2+ 38. Kg1 Rd2 39. Ncb3 Rd1+ 40. Kg2 Ke8 41. Nc6 Bg5 42. h4 Bxe3 43. Rxh7 Rg1+ 44. Kf3 Rxg3+ 45. Ke2 f4 46. h5 gxh5 47. Rxh5 Bb6 48. Nc1 f3+ 49. Kd1 Rg1+ 50. Kc2 f2 51. Rh8+ Kf7 52. Rh7+ Kg6 0-1

[Event "December 5 Early 2023"]
[Site "https://www.chess.com"]
[Date "2023.12.05"]
[Round "4"]
[White "Xu, Yi"]
[Black "Caruana, Fabiano"]
[Result "0-1"]
[Board "5"]
[TimeControl "180+1"]
[WhiteFideId "8605564"]
[BlackFideId "2020009"]
[WhiteElo "2861"]
[BlackElo "3078"]
[WhiteTeam "CHN"]
[BlackTeam "USA"]
[WhiteClock "0:00:02"]
[BlackClock "0:00:11"]

1. e4 c5 2. Nf3 d6 3. d4 cxd4 4. Nxd4 Nf6 5. Nc3 a6 6. Be3 e5 7. Nb3 Be6 8. Qd2 Be7 9. h3 Nbd7 10. O-O-O b5 11. g4 Nb6 12. g5 Nfd7 13. Kb1 O-O 14. h4 Nc4 15. Bxc4 bxc4 16. Nc1 Rb8 17. Nd5 Bxd5 18. exd5 f5 19. f4 exf4 20. Bd4 Nc5 21. Bxc5 dxc5 22. d6 Qb6 23. b3 cxb3 24. axb3 Rfd8 25. Qd5+ Kh8 26. d7 c4 27. Qxc4 Qb5 28. Qxb5 axb5 29. Rhe1 Bb4 30. Re5 g6 31. Na2 Bf8 32. Red5 Kg8 33. Rf1 Kf7 34. Rxf4 Ke6 35. Rfd4 Rb7 36. Kc1 Rbxd7 37. Rxd7 Rxd7 38. Rxd7 Kxd7 39. Nc3 Kc6 40. Kd1 Bd6 41. Ne2 Kd5 42. Kd2 b4 43. c3 Ke4 44. cxb4 Bxb4+ 45. Kd1 f4 46. Ng1 f3 47. Nh3 Ke3 48. h5 gxh5 49. Kc2 f2 50. Nxf2 Kxf2 51. Kd3 h4 52. Ke4 h3 53. g6 hxg6 0-1